 Dungeon Sprint DCSS version 0.29-a0-872-g797fff5ad1 (console) character file.

Game seed: 3580142542399555639

439 howech the Cleaver (level 6, 0/58 (61) HPs)
             Began as a Minotaur Fighter on July 18, 2022.
             Was a High Priest of Trog.
             Killed from afar by Josephine (23 damage)
             ... with a ghostly fireball
             ... in the Dungeon (Sprint VII: "The Pits").
             The game lasted 00:07:13 (860 turns).

howech the Cleaver (Minotaur Fighter)                Turns: 860, Time: 00:07:14

HP:   0/58 (61)     AC:  9    Str: 20    XL:     6   Next: 70%
MP:   5/5           EV: 10    Int:  5    God:    Trog [*****.]
Gold: 0             SH:  6    Dex: 12    Spells: 5/5 levels left

rFire   . . .      SeeInvis .   o - +2 hand axe (vorpal)
rCold   . . .      Faith    .   c - +0 buckler
rNeg    . . .      Spirit   .   p - +3 ring mail
rPois   .          Reflect  .   (helmet restricted)
rElec   .          Harm     .   (no cloak)
rCorr   .          Rampage  .   (no gloves)
Will    .....      NoTele   +   (no boots)
Stlth   +.........              (no amulet)
HPRegen 0.19/turn               (no ring)
MPRegen 0.09/turn               (no ring)

@: lightly drained
A: horns 2, retaliatory headbutt
a: Renounce Religion, Berserk, Trog's Hand, Brothers in Arms


You were in the Dungeon.
You worshipped Trog.
Trog was extremely pleased with you.
You visited 1 branch

Inventory:

Hand Weapons
 a - a +0 war axe
 k - a +2 mace
 o - a +2 vorpal hand axe (weapon)
Armour
 b - a +0 scale mail
 c - a +0 buckler (worn)
 p - a +3 ring mail (worn)
Scrolls
 j - a scroll of blinking
 m - 5 scrolls of amnesia
 n - a scroll of summoning
Potions
 d - a potion of might
 e - 6 potions of curing
 f - 6 potions of heal wounds
 g - a potion of haste
 h - 4 potions of magic
 i - 3 potions of berserk rage
 l - 2 potions of invisibility


   Skills:
 + Level 7.8 Fighting
 * Level 10.3 Axes
 + Level 8.0 Armour
 + Level 8.0 Shields
 + Level 5.2 Evocations


You had 5 spell levels left.
You didn't know any spells.
Your spell library was empty.

Dungeon Overview and Level Annotations

Branches:
Dungeon (1/1)

Altars:
Ashenzari
Cheibriados
Dithmenos
Elyvilon
Fedhas
Gozag
Hepliaklqana
Kikubaaqudgha
Makhleb
Nemelex Xobeh
Okawaru
Qazlal
Ru
Sif Muna
Trog
Uskayaw
Vehumet
Wu Jian
Xom
Yredelemnul
Zin
The Shining One
Jiyva
Lugonu

Annotations:
D Josephine


Innate Abilities, Weirdness & Mutations

You have a pair of horns on your head.
You reflexively headbutt those who attack you in melee.


Message History

You barely miss Josephine.
Josephine screams, "I have something special for you."
Josephine hits you but does no damage.
You hit Josephine.
Josephine is lightly wounded.
You hit Josephine.
Josephine is lightly wounded.
Josephine hits you with a +0 dagger.
You slash Josephine!
Josephine is moderately wounded.
Josephine hits you with a +0 dagger.
You closely miss Josephine.
You headbutt Josephine, but do no damage.
Josephine is moderately wounded.
Josephine hits you with a +0 dagger!
You hit Josephine.
Josephine is moderately wounded.
You hit Josephine.
Josephine is moderately wounded.
Josephine hits you but does no damage.
You completely miss Josephine.
Josephine is moderately wounded.
Josephine hits you but does no damage.
You slash Josephine!
Josephine is heavily wounded.
Josephine hits you but does no damage.
You hit Josephine.
Josephine is heavily wounded.
Josephine draws life force from you!!
Josephine is healed by the life force!
You slash Josephine! Your headbutt misses Josephine.
Josephine is heavily wounded.
You block Josephine's attack.
You barely miss Josephine.
Josephine is heavily wounded.
You slash Josephine!
Josephine is severely wounded.
Josephine points at you and mumbles some strange words.
The ghostly flame explodes!
The ghostly fireball engulfs you!!
You feel drained.
You die...

#.#........##.......#
#'###########.......#
#..#.#.## #########
#.......# ##.#.#.##
#.......#+#
##.#.#.##.+
#.......#@#
##.#.#..@.#
##########


You could see Josephine.

Vanquished Creatures
  A warg (D)
  A floating eye (D)
  A phantom (D)
  A scorpion (D)
  2 crimson imps (D)
  A gnoll (D)
  An ufetubus (D)
  A ball python (D)
  An endoplasm (D)
  2 hobgoblins (D)
  8 jackals (D)
  A quokka (D)
21 creatures vanquished.

Notes
Turn   | Place    | Note
-------+----------+-------------------------------------------
     0 | D        | howech the Minotaur Fighter began the quest for the Orb.
     0 | D        | Reached XP level 1. HP: 19/19 MP: 0/0
    40 | D        | Found a bloodstained altar of Trog.
    40 | D        | Found a shimmering blue altar of Sif Muna.
    40 | D        | Found a viscous altar of Jiyva.
    40 | D        | Found a hazy altar of Hepliaklqana.
    40 | D        | Found an opulent altar of Gozag.
    41 | D        | Found a glowing golden altar of the Shining One.
    41 | D        | Found a glowing silver altar of Zin.
    41 | D        | Found a basalt altar of Yredelemnul.
    41 | D        | Found a shimmering altar of Xom.
    41 | D        | Found an ornate altar of the Wu Jian Council.
    41 | D        | Found a sacrificial altar of Ru.
    41 | D        | Found a stormy altar of Qazlal.
    41 | D        | Found an iron altar of Okawaru.
    41 | D        | Found a sparkling altar of Nemelex Xobeh.
    41 | D        | Found a burning altar of Makhleb.
    41 | D        | Found a blossoming altar of Fedhas.
    41 | D        | Found a white marble altar of Elyvilon.
    41 | D        | Found a shadowy altar of Dithmenos.
    41 | D        | Found a snail-covered altar of Cheibriados.
    43 | D        | Found a corrupted altar of Lugonu.
    43 | D        | Found a radiant altar of Vehumet.
    44 | D        | Became a worshipper of Trog the Wrathful
    45 | D        | Found an ancient bone altar of Kikubaaqudgha.
    45 | D        | Found a hide-covered altar of Uskayaw.
    45 | D        | Found a broken altar of Ashenzari.
    63 | D        | Reached skill level 3 in Axes
    65 | D        | Reached * piety under Trog
    66 | D        | Reached skill level 1 in Evocations
    71 | D        | Noticed a floating eye
    72 | D        | Paralysed by a floating eye for 4 turns
    78 | D        | Killed a floating eye
    79 | D        | Reached skill level 5 in Fighting
    79 | D        | Reached skill level 6 in Axes
    79 | D        | Reached skill level 5 in Armour
    79 | D        | Reached skill level 5 in Shields
    79 | D        | Reached XP level 2. HP: 5/29 MP: 1/1
    79 | D        | Reached XP level 3. HP: 7/36 MP: 2/2
    79 | D        | Reached XP level 4. HP: 8/42 MP: 3/3
    81 | D        | Reached skill level 7 in Axes
   352 | D        | Reached ** piety under Trog
   358 | D        | Reached *** piety under Trog
   366 | D        | Reached XP level 5. HP: 50/50 MP: 4/4
   441 | D        | Noticed a warg
   455 | D        | Killed a warg
   456 | D        | Reached skill level 9 in Axes
   456 | D        | Reached XP level 6. HP: 21/60 MP: 5/5
   456 | D        | Reached **** piety under Trog
   671 | D        | Reached skill level 10 in Axes
   684 | D        | Reached ***** piety under Trog
   685 | D        | Reached skill level 5 in Evocations
   846 | D        | Noticed Josephine
   860 | D        | Killed from afar by Josephine

Illustrated notes

Levels and vault maps discovered:
D:        pitsprint [storerooms_1, entrance_room_1, metal_vault_3, armoury_2,
          mini_pit_1, grid_room_1, main_hall_1, silver_pit, the_coven_1,
          the_vestibule_1, steel_vault_3, golden_pit, hallway_of_sentries,
          crystal_vault_1, iron_vault_4, final_vault]

Skill      XL: |  1  2  3  4  5  6 |
---------------+-------------------+-----
Axes           | 6 7 9 10 | 10.3
Fighting       | 5 6 7 |  7.8
Armour         | 5 6 7 8 |  8.0
Shields        | 5 6 7 8 |  8.0
Evocations     | 3 4 5 |  5.2

Action                   |  1- 3 |  4- 6 || total
-------------------------+-------+-------++-------
Melee: War axe           |    11 |    15 ||    26
       Headbutt          |     1 |    11 ||    12
       Hand axe          |       |    49 ||    49
Armor: Scale mail        |     3 |     7 ||    10
       Ring mail         |       |    12 ||    12
Dodge: Dodged            |     6 |    16 ||    22
Block: Buckler           |     2 |    10 ||    12

Table legend: (Time is in decaauts)
 A = Elapsed time spent in this place.
 B = Non-inter-level travel time spent in this place.
 C = Inter-level travel time spent in this place.
 D = Time resting spent in this place.
 E = Time spent auto-exploring this place.
 F = Levels seen in this place.
 G = Mean time per level.
                   A        B        C        D        E       F      G
               +--------+--------+--------+--------+--------+-----+--------+
         Total |    860 |    860 |      0 |    597 |      0 |   1 |  860.0 |
       Dungeon |    860 |    860 |      0 |    597 |      0 |   1 |  860.0 |
               +--------+--------+--------+--------+--------+-----+--------+

Top non-repeatable levels by time:
       D: 860 daAuts
